 Dungeon Crawl Stone Soup version 0.24.0-7-gb3623d2c88 (webtiles) character file.

Game seed: 2907746723618774548, levelgen mode: deterministic

2466761 MeekVeins the Conqueror (level 27, 245/245 HPs)
             Began as a Minotaur Berserker on Nov 2, 2019.
             Was the Champion of Trog.
             Escaped with the Orb
             ... and 4 runes!
             The game lasted 03:16:07 (66274 turns).

MeekVeins the Conqueror (Minotaur Berserker)       Turns: 66274, Time: 03:16:08

Health: 245/245    AC: 46    Str: 35    XL:     27
Magic:  33/33      EV: 21    Int:  8    God:    Trog [******]
Gold:   4559       SH: 31    Dex: 15    Spells: 26/26 levels left

rFire    + + +     SeeInvis +   a - +9 broad axe (elec)
rCold    + + .     Gourm    .   J - +3 large shield {reflect}
rNeg     + + .     Faith    .   c - +12 gold dragon scales
rPois    +         Spirit   .   p - -2 hat of the Alchemist {rElec rPois rF+ rC+ rN+ MR+ rMut rCorr}
rElec    +         Reflect  +   n - +2 cloak {+Inv}
rCorr    +         Harm     .   u - +0 pair of gloves "Vivinaic" {rF+ rN+ Regen+}
rMut     +                      g - +1 pair of boots of the Lonely Planets {+Fly Int+3}
MR       ++++.                  h - amulet of the acrobat
Stlth    ..........             m - ring "Cukaf" {MR+ Str+4 Stlth+}
HPRegen  0.90/turn              s - ring "Seronguo" {+Blink EV+3 SInv}
MPRegen  0.23/turn

@: no status effects
A: retaliatory headbutt, horns 2, agile 1, frail 1
0: Orb of Zot
}: 4/15 runes: decaying, slimy, silver, gossamer
a: Berserk, Trog's Hand, Brothers in Arms, Renounce Religion, Evoke Blink, Evoke
Invisibility, Evoke Flight


You escaped.
You worshipped Trog.
Trog was exalted by your worship.
You were not hungry.

You visited 10 branches of the dungeon, and saw 54 of its levels.
You visited 1 bazaar.
You also visited: Sewer, Gauntlet and Ice Cave.

You collected 7672 gold pieces.
You spent 3113 gold pieces at shops.

Inventory:

Hand Weapons
 a - a +9 broad axe of electrocution (weapon)
 b - a +8 antimagic broad axe {god gift}
Missiles
 k - 35 javelins {god gift}
 K - 9 silver javelins (quivered) {god gift}
 Z - 3 throwing nets
Armour
 c - +12 gold dragon scales (worn)
 g - the +1 pair of boots of the Lonely Planets (worn) {+Fly Int+3}
   (You found it on level 15 of the Dungeon)

   It affects your intelligence (+3).
   It lets you fly.
 n - a +2 cloak of invisibility (worn)
 p - the -2 hat of the Alchemist (worn) {rElec rPois rF+ rC+ rN+ MR+ rMut rCorr}
   (You found it on level 5 of the Pits of Slime)

   It protects you from fire.
   It protects you from cold.
   It insulates you from electricity.
   It protects you from poison.
   It protects you from negative energy.
   It affects your resistance to hostile enchantments.
   It provides partial protection from all sources of acid and corrosion.
   It protects you from mutation.
 t - the +0 pair of gloves "Tywaasch" {MR+ Str+3 Int+4}
   (You found it on level 1 of the Realm of Zot)

   It affects your strength (+3).
   It affects your intelligence (+4).
   It affects your resistance to hostile enchantments.
 u - the +0 pair of gloves "Vivinaic" (worn) {rF+ rN+ Regen+}
   (You found it in an ice cave)

   It protects you from fire.
   It protects you from negative energy.
   It increases your rate of regeneration.
 J - a +3 large shield of reflection (worn)
Jewellery
 h - an amulet of the acrobat (around neck)
 m - the ring "Cukaf" (left hand) {MR+ Str+4 Stlth+}
   (You took it off a spriggan air mage on level 2 of the Depths)

   [ring of stealth]

   It affects your strength (+4).
   It affects your resistance to hostile enchantments.
   It makes you more stealthy.
 o - the ring of Panayho {EV+6 Str+4}
   (You found it on level 5 of the Pits of Slime)

   [ring of evasion]

   It affects your evasion (+6).
   It affects your strength (+4).
 s - the ring "Seronguo" (right hand) {+Blink EV+3 SInv}
   (You found it on level 4 of the Depths)

   [ring of evasion]

   It affects your evasion (+3).
   It lets you see invisible.
   It lets you blink.
 w - the ring of the Morning {-Tele rC+ rN+ Int+3}
   (You found it on level 5 of the Vaults)

   [ring of positive energy]

   It affects your intelligence (+3).
   It protects you from cold.
   It protects you from negative energy.
   It prevents most forms of teleportation.
 V - the ring "Bypanel" {rF+ Str+4 Dex-2 Slay+5}
   (You found it on level 5 of the Vaults)

   [ring of strength]

   It affects your strength (+4).
   It affects your dexterity (-2).
   It affects your accuracy and damage with ranged weapons and melee attacks
   (+5).
   It protects you from fire.
Wands
 e - a wand of digging (14)
 A - a wand of acid (27)
 F - a wand of scattershot (4)
 I - a wand of iceblast (39)
 O - a wand of clouds (12)
 P - a wand of paralysis (43)
Scrolls
 f - 3 scrolls of fear
 i - 7 scrolls of summoning
 r - 11 scrolls of fog
 v - 9 scrolls of vulnerability
 x - 6 scrolls of holy word
 y - 9 scrolls of immolation
 B - 6 scrolls of blinking
 E - 2 scrolls of silence
 M - 11 scrolls of magic mapping
 N - 24 scrolls of remove curse
 R - 2 scrolls of identify
 T - 16 scrolls of teleportation
Potions
 d - 6 potions of mutation
 l - 8 potions of ambrosia
 C - 2 potions of invisibility
 D - 6 potions of might
 H - 6 potions of haste
 L - 2 potions of magic
 Q - 17 potions of curing
 S - 12 potions of agility
 W - 8 potions of heal wounds
 X - 4 potions of cancellation
Miscellaneous
 j - 2 phantom mirrors
 G - a lightning rod (4/4)
 U - a box of beasts
 Y - a lamp of fire
Comestibles
 z - 103 rations


   Skills:
 O Level 27 Fighting
 - Level 23.0 Axes
 + Level 12.7 Throwing
 O Level 27 Armour
 - Level 16.0 Dodging
 - Level 25.1 Shields
 - Level 15.0 Evocations


You had 26 spell levels left.
You didn't know any spells.
Your spell library was empty.

Dungeon Overview and Level Annotations

Branches:
Dungeon (15/15)            Temple (0/1) D:6            Lair (6/6) D:9
  Swamp (4/4) Lair:4       Spider (4/4) Lair:2        Slime (5/5) Lair:5
    Orc (2/2) D:12            Elf (3/3) Orc:2        Vaults (5/5) D:14
  Crypt (0/3) Vaults:2     Depths (5/5) D:15            Zot (5/5) Depths:5
  Sewer (visited)           IceCv (visited)         Gauntlet (visited)

Altars:
Ashenzari
Elyvilon
Ru
Trog
Xom
Yredelemnul
The Shining One
Jiyva

Shops:
D:4 (   D:5 [   D:7 %   Orc:1 *   Orc:2 }*[(   Elf:1 (   Vaults:3 (
Vaults:5 [   Depths:4 =}=

Portals:
Hell: Depths:1 Depths:2 Depths:3 Depths:4 Depths:5
Abyss: Depths:2 Depths:4 Depths:5
Pandemonium: Depths:3
Ziggurat: Depths:2

Annotations:
Lair:2 1 runed translucent door, coffeespoons's ghost, journeyman MiBe
Lair:3 3 runed translucent doors, Nefuv's ghost, journeyman MiBe
Spider:1 Roxanne
Orc:1 2 transporters, Setanta's ghost, journeyman GnFi
Orc:2 2 exclusions
Depths:1 exclusion: 2 doors
Depths:4 1 exclusion
Depths:5 2 transporters, Niyzxuen's ghost, adept MiBe
Zot:2 2 transporters, Beclu's ghost, legendary GnSk
Zot:4 exclusion: 3 oklob plants
Zot:5 1 exclusion


Innate Abilities, Weirdness & Mutations

You reflexively headbutt those who attack you in melee.
You have a pair of horns on your head.
You are agile. (Dex +2)
You are frail. (-10% HP)


Message History

Where to? (Enter - D:6 @ (x,y), ? - help)
What level of the Dungeon? (default 1, ? - help)
There is an entrance to Ipaliopn's Armour Emporium here.
There is a stone staircase leading up here.
You see here a -3 ring of evasion.
Your extra speed is starting to run out.
You climb upwards.
There is a stone staircase leading down here.
You feel a little less agile now.
(D) Dungeon (T) Temple (L) Lair (S) Swamp (N) Spider Nest (M) Slime Pits (O) Orcish Mines (E) Elven Halls (V) Vaults (C) Crypt (U) Depths (H) Hell (Z) Zot
Where to? (Enter - D:1, ? - help)
What level of the Dungeon? (default 1, ? - help) HP restored.
You feel yourself slow down.
There is a stone staircase leading up here.
You climb upwards.
There is a stone staircase leading down here.
Items here: )))))) [[ Magic restored.
You see here a +0 whip.
You see here a +0 mace.
There is a stone staircase leading up here.
You climb upwards.
There is a stone staircase leading down here.
You see here a +0 dagger.
There is an open door here.
You see here a +0 dagger.
There is an open door here.
An Orb Guardian comes into view.
Unknown command.
You slice the Orb Guardian!! You headbutt the Orb Guardian.
The Orb Guardian is heavily wounded.
You cut the Orb Guardian into ribbons!!!
You kill the Orb Guardian!
Trog accepts your kill.
(D) Dungeon (T) Temple (L) Lair (S) Swamp (N) Spider Nest (M) Slime Pits (O) Orcish Mines (E) Elven Halls (V) Vaults (C) Crypt (U) Depths (H) Hell (Z) Zot
Where to? (Enter - D:1, ? - help)
What level of the Dungeon? (default 1, ? - help)
There is a stone staircase leading up here.
You climb upwards.
There is a stone staircase leading down here.
There is an open door here.
There is a staircase leading out of the dungeon here.
You have escaped!

#.#.#.....#...# #(# #.# #..
#.#.#.###.#.#.###.# #.# ###
#.#.#.# #...#...#.# #.######
#.#.#.###.#####.#.# #.....(#
#÷#.#.....# #...#.########.###
#.#.###.#####.###........#.##.
#.#...#...#...###.######.#.##.
#.###.###+#.###.#.#....#.#(##.
#.# #...#.#..@#.#......#.#.###
#.#####.#.#####.#......+.#.#
#.#...#(#...# #.#.#....#.#.#
#.#.#.#####÷###.#.#....+.#.#
#...#.....#.....#.#....#.#.#
#########.###.###........#.#
#.###.###.######.#.#
#.........# #.#.# ###########
#.#.#


There were no monsters in sight!

Vanquished Creatures
  the Royal Jelly (Slime:5)
  Mennas (Vaults:5)
  3 orbs of fire (Zot:5)
  The ghost of Toelubet the Slayer, a veteran CeHu of Okawaru (Zot:1)
  10 ancient liches (Zot:5)
  Sojobo (Depths:5)
  Boris (thrice) (Vaults:4 Depths:1 Depths:3)
  Margery (Depths:5)
  2 Killer Klowns (Zot:5)
  The ghost of Nattefrost the Slayer, a master VSBe of Trog (Zot:1)
  2 curse toes (Zot:4)
  3 caustic shrikes (Depths:3)
  The ghost of Bodigarde the Tortoise, a veteran GrFi of Uskayaw (Zot:1)
  2 pandemonium lords
  Jory (Vaults:2)
  12 golden dragons
  Arachne (Spider:1)
  A bone dragon (Depths:5)
  4 electric golems
  3 liches
  17 tentacled monstrosities
  A Hell Sentinel (Zot:3)
  Jorgrun (D:14)
  26 Orb Guardians
  Asterion (Spider:1)
  2 titans
  6 quicksilver dragons
  3 deep elf blademasters
  3 death cobs
  An Executioner (Zot:2)
  4 deep elf master archers (Elf:3)
  5 sphinxes
  Kirke (Spider:1)
  9 acid blobs
  3 thorn hunters
  11 tengu reavers
  18 shadow dragons
  Donald (Vaults:1)
  A draconian monk (Zot:1)
  17 storm dragons
  8 azure jellies
  4 draconian knights
  6 fire giants
  20 vault wardens
  6 ghost moths
  A fire giant (shapeshifter) (Vaults:5)
  5 iron dragons
  10 frost giants
  An orc warlord (Orc:1)
  2 deep elf sorcerers (Vaults:5)
  A ghost moth (shapeshifter) (Vaults:1)
  4 emperor scorpions
  5 draconian scorchers
  2 deep elf elementalists
  2 draconian stormcallers
  3 draconian shifters
  Aizul (Elf:2)
  The ghost of Fum Arax the Devastator, a journeyman OpWz of Vehumet (D:15)
  27 stone giants
  4 draconian annihilators
  5 war gargoyles
  A spriggan defender (Depths:2)
  10 ironheart preservers
  12 green draconians
  A blood saint (Depths:5)
  15 very ugly things
  9 black draconians
  2 vampire knights
  Nessos (Lair:4)
  11 deep elf annihilators
  2 entropy weavers
  8 deep elf demonologists
  6 yellow draconians
  A minotaur (Gauntlet)
  A black sun (Depths:5)
  10 red draconians
  5 purple draconians
  7 white draconians
  28 spark wasps
  19 ettins
  2 blizzard demons (IceCv)
  12 deep elf death magi
  11 deep elf high priests
  6 jiangshi
  23 yaktaur captains
  6 death oozes (Slime:5)
  13 fire dragons
  A monstrous demonspawn (Depths:5)
  12 great orbs of eyes
  Josephine (D:14)
  12 ice dragons
  33 vault guards
  3 hell beasts
  19 hydras
  Harold (D:8)
  4 rakshasas
  4 ghost crabs
  A caustic shrike simulacrum (Depths:2)
  2 death knights
  7 spriggan air magi
  13 centaur warriors
  2 shambling mangroves
  30 two-headed ogres
  2 catoblepae
  10 deep troll shamans
  Erica (D:8)
  5 large abominations
  A queen ant (Spider:1)
  7 ogre magi
  13 alligators
  A death scarab (Gauntlet)
  24 dancing weapons
  2 vampire magi
  A queen ant (shapeshifter) (Depths:3)
  9 deep troll earth magi
  7 tengu warriors
  Urug (D:10)
  2 spriggan berserkers
  13 death yaks
  7 spriggans
  5 orc high priests (Orc:2)
  28 deep elf knights
  2 shadow wraiths (Vaults:4)
  2 fire crabs (shapeshifter)
  2 salamander mystics (Depths:3)
  3 iron trolls
  15 hell knights
  12 skeletal warriors
  6 glowing orange brains
  3 flayed ghosts
  7 unseen horrors
  An infernal demonspawn (Depths:5)
  14 deep elf archers
  A spriggan druid (Swamp:4)
  31 deep trolls
  A sea snake (shapeshifter) (Vaults:5)
  A shadow dragon zombie (Depths:2)
  6 wizards
  10 orb spiders
  9 swamp dragons
  A harpy (shapeshifter) (Elf:3)
  4 harpies
  11 ironbrand convokers
  3 phantasmal warriors
  4 cyclopes
  18 orc knights
  A fire giant zombie (Vaults:4)
  8 necromancers
  66 deep elf magi
  8 salamanders (Depths:3)
  2 stone giant zombies (Vaults:2)
  26 moths of wrath
  29 wolf spiders
  2 manticores (D:14)
  A cyclops (shapeshifter) (Vaults:5)
  55 ugly things
  An orc sorcerer (Elf:1)
  2 stone giant skeletons (Depths:2)
  13 elephants
  2 moths of wrath (shapeshifter)
  Maurice (D:11)
  4 shining eyes
  3 black mambas
  A centaur zombie (D:15)
  An orange demon (D:6)
  A water nymph (shapeshifter) (Depths:5)
  A rust devil (Depths:2)
  A smoke demon (Depths:3)
  19 vault sentinels
  3 eyes of devastation
  14 spiny frogs
  Psyche (D:10)
  A guardian serpent (shapeshifter) (Elf:2)
  A torpor snail (shapeshifter) (Depths:3)
  A gargoyle (D:13)
  An ice statue (IceCv)
  2 torpor snails
  A spiny frog (shapeshifter) (Depths:4)
  An efreet (D:13)
  3 rime drakes
  4 kobold demonologists
  2 centaur skeletons
  5 spectral swamp worms (Depths:1)
  39 yaktaurs
  7 freezing wraiths
  A spriggan zombie (Depths:2)
  2 tormentors
  A human zombie (Vaults:2)
  11 komodo dragons
  11 demonic crawlers
  A red devil (Depths:3)
  A golden dragon simulacrum (IceCv)
  4 ice devils (IceCv)
  2 small abominations
  A merfolk (shapeshifter) (Vaults:5)
  11 trolls
  5 tengu conjurers
  27 jumping spiders
  A polar bear (shapeshifter) (Depths:2)
  4 polar bears
  5 blink frogs (Lair:5)
  A meliai (shapeshifter) (D:13)
  27 hornets
  11 tyrant leeches
  A tengu simulacrum (Depths:2)
  A spectral dream sheep (Gauntlet)
  2 ettin zombies (Depths:2)
  A hippogriff (shapeshifter) (Vaults:4)
  16 bog bodies
  A spectral lindwurm (Gauntlet)
  11 hippogriffs
  109 slime creatures
  9 dream sheep
  A frost giant simulacrum (Vaults:4)
  7 flying skulls
  An ettin skeleton (Vaults:4)
  3 shadows
  27 yaks
  28 tarantellas
  57 redbacks
  2 spriggans (shapeshifter)
  A hog (shapeshifter) (Depths:2)
  5 basilisks
  5 wraiths
  2 wyverns
  2 hogs (Spider:1)
  A vampire (D:15)
  4 fire elementals
  4 yaks (shapeshifter)
  3 hungry ghosts
  9 water elementals
  3 dire elephant simulacra (IceCv)
  A spectral komodo dragon (Gauntlet)
  A golden eye (shapeshifter) (D:13)
  A chaos spawn (D:6)
  A fire bat (shapeshifter) (Vaults:4)
  5 neqoxecs (D:15)
  A death yak simulacrum (IceCv)
  22 vampire mosquitoes
  2 harpy simulacra (IceCv)
  A soldier ant (shapeshifter) (Depths:4)
  6 wargs
  21 soldier ants (Spider:1)
  4 hydra simulacra (IceCv)
  4 iron troll simulacra (IceCv)
  5 acid dragons
  18 swamp worms
  6 water moccasins
  A two-headed ogre zombie (D:12)
  6 porcupines
  2 floating eyes (Depths:2)
  11 swamp drakes
  45 orc warriors
  A hell hound (Depths:3)
  2 black bears
  An ettin simulacrum (IceCv)
  5 ice beasts
  3 sky beasts
  8 eyes of draining
  30 ogres
  An eye of draining (shapeshifter) (Vaults:2)
  2 phantoms
  33 boggarts
  44 wolves
  28 centaurs
  16 crocodiles
  10 big kobolds
  2 earth elementals
  15 bullfrogs
  A gnoll sergeant (D:12)
  A spiny frog simulacrum (Gauntlet)
  4 scorpions
  12 killer bees
  5 wights
  An elephant simulacrum (IceCv)
  2 troll zombies (D:12)
  2 howler monkeys
  5 electric eels
  7 crimson imps
  3 draconian simulacra (IceCv)
  9 hounds
  3 human simulacra
  4 quasits
  5 bullfrog skeletons
  49 orc priests
  4 jellies
  28 orc wizards
  13 human skeletons (Vaults:2)
  2 iguanas
  29 worker ants
  3 spriggan simulacra (IceCv)
  4 polar bear simulacra
  2 troll simulacra (IceCv)
  5 wolf simulacra
  A yak simulacrum (Lair:4)
  4 centaur simulacra
  5 ogre zombies (D:12)
  3 hound skeletons
  10 gnolls
  12 adders
  5 naga simulacra (IceCv)
  An ogre simulacrum (IceCv)
  A river rat (Sewer)
  5 shadow imps
  9 white imps
  5 ufetubi (IceCv)
  An ooze (D:2)
  An adder zombie (D:5)
  3 adder skeletons
  5 worms
  4 dart slugs
  8 leopard geckos
  122 orcs
  A ball python (D:1)
  9 bats
  5 giant cockroaches
  3 goblins
  6 hobgoblins
  10 jackals
  A quokka (D:3)
  7 frilled lizards
  4 goblin skeletons (D:12)
  2 goblin zombies (D:12)
  2 hobgoblin skeletons (D:12)
  8 hobgoblin zombies (D:12)
  29 kobolds
  A leopard gecko skeleton (D:4)
  A leopard gecko zombie (D:6)
  2 orc skeletons (D:12)
  7 orc zombies (D:12)
  A quokka skeleton (D:8)
  10 rats
  3 river rat simulacra (Lair:4)
  2 briar patches (Swamp:4)
  2 bushes (Lair:2)
  9 fungi
  4 plants
2655 creatures vanquished.

Vanquished Creatures (collateral kills)
  Mara (Spider:3)
  The ghost of Heoriaro the Bludgeoner, a legendary GnFi of Cheibriados (Zot:1)
  A tentacled monstrosity (Vaults:4)
  A sphinx (Vaults:4)
  Agnes (D:15)
  A storm dragon (Vaults:4)
  3 tengu reavers
  A vault warden (Vaults:4)
  A fire giant (Depths:3)
  An ironheart preserver (Vaults:3)
  2 stone giants
  2 entropy weavers
  2 fire dragons
  A death scarab (Gauntlet)
  3 death yaks (Lair:2)
  2 dancing weapons (Elf:2)
  3 deep trolls (Depths:3)
  A phantasmal warrior (Vaults:4)
  2 wolf spiders (Spider:1)
  2 deep elf magi (Elf:2)
  A spiny frog (Lair:2)
  A redback (Spider:1)
  2 boggarts (Depths:2)
  2 wolves (Lair:2)
  A quasit (D:15)
  A worker ant (Spider:1)
40 creatures vanquished.

Vanquished Creatures (others)
  A draconian stormcaller (Zot:1)
  A red draconian (Zot:1)
  A vault guard (Vaults:5)
  A dancing weapon (Elf:3)
  A shadow wraith (Vaults:4)
  A wizard (Depths:3)
  A necromancer (Depths:2)
  2 yaktaurs (Vaults:5)
  3 humans (Spider:1)
  A boggart (Depths:2)
  2 ufetubi (IceCv)
  8 briar patches
  4 bushes
  12 fungi
  12 plants
  2 withered plants (Zot:1)
53 creatures vanquished.

Grand Total: 2748 creatures vanquished

Notes
Turn   | Place    | Note
-------+----------+-------------------------------------------
     0 | D:1      | MeekVeins the Minotaur Berserker began the quest for the
                  | Orb.
     0 | D:1      | Reached XP level 1. HP: 19/19 MP: 0/0
   181 | D:1      | Reached XP level 2. HP: 25/27 MP: 1/1
   730 | D:1      | Reached XP level 3. HP: 32/33 MP: 2/2
   810 | D:1      | Reached ** piety under Trog
   831 | D:1      | Reached skill level 5 in Axes
  1360 | D:2      | Reached XP level 4. HP: 36/40 MP: 3/3
  2024 | D:3      | Reached XP level 5. HP: 39/46 MP: 4/4
  2105 | D:3      | Reached *** piety under Trog
  2344 | D:3      | Found a shattered altar of Ashenzari.
  2356 | D:3      | Found a glowing drain.
  2366 | Sewer    | Entered a sewer
  2456 | Sewer    | Reached skill level 5 in Fighting
  2456 | Sewer    | Reached XP level 6. HP: 54/56 MP: 5/5
  2481 | Sewer    | Found a glowing silver altar of Zin.
  3289 | D:4      | Found Emiegink's Antique Weapon Shop.
  3601 | D:5      | Entered Level 5 of the Dungeon
  3650 | D:5      | Found Ipaliopn's Armour Emporium.
  3712 | D:5      | Reached XP level 7. HP: 51/61 MP: 6/6
  3828 | D:5      | Found a glowing golden altar of the Shining One.
  3878 | D:5      | Reached skill level 10 in Axes
  4196 | D:5      | Noticed a two-headed ogre
  4206 | D:5      | Killed a two-headed ogre
  4206 | D:5      | Reached XP level 8. HP: 74/74 MP: 7/7
  4289 | D:5      | Reached **** piety under Trog
  4618 | D:6      | Found a sacrificial altar of Ru.
  4662 | D:6      | Found a staircase to the Ecumenical Temple.
  4745 | D:6      | Reached XP level 9. HP: 76/81 MP: 8/8
  5147 | D:6      | Found a basalt altar of Yredelemnul.
  5530 | D:7      | Reached skill level 5 in Armour
  5686 | D:7      | Found Ganirrym's Food Boutique.
  6049 | D:8      | Reached skill level 1 in Throwing
  6112 | D:8      | Reached ***** piety under Trog
  6337 | D:8      | Noticed Harold
  6351 | D:8      | Killed Harold
  6351 | D:8      | Reached XP level 10. HP: 88/88 MP: 9/9
  6423 | D:8      | Found a white marble altar of Elyvilon.
  6504 | D:8      | Noticed Erica
  6513 | D:8      | Killed Erica
  6513 | D:8      | Reached skill level 10 in Armour
  6835 | D:8      | Reached skill level 10 in Fighting
  6903 | D:8      | Noticed a three-headed hydra
  6917 | D:8      | Killed a one-headed hydra
  7199 | D:9      | Found a staircase to the Lair.
  7766 | D:9      | Reached XP level 11. HP: 99/104 MP: 10/10
  8296 | D:10     | Entered Level 10 of the Dungeon
  8296 | D:10     | Noticed Urug
  8308 | D:10     | Killed Urug
  8912 | D:10     | Killed an unseen horror
  9130 | D:10     | Noticed Psyche
  9134 | D:10     | Killed Psyche
  9258 | Lair:1   | Entered Level 1 of the Lair of Beasts
  9357 | Lair:1   | Received a gift from Trog
  9386 | Lair:1   | Found a gate leading to a gauntlet.
  9396 | Gauntlet | Entered a Gauntlet
  9396 | Gauntlet | Found a transporter.
  9396 | Gauntlet | Found a transporter.
  9399 | Gauntlet | Found a transporter.
  9402 | Gauntlet | Found a transporter.
  9402 | Gauntlet | Found a transporter.
  9402 | Gauntlet | Found a transporter.
  9429 | Gauntlet | Found a transporter.
  9432 | Gauntlet | Found a transporter.
  9438 | Gauntlet | Found a runed translucent gate.
  9438 | Gauntlet | Found a runed translucent gate.
  9438 | Gauntlet | Found a runed translucent gate.
  9440 | Gauntlet | Found a transporter.
  9453 | Gauntlet | Noticed a death scarab
  9453 | Gauntlet | Noticed a death scarab
  9456 | Gauntlet | Found a transporter.
  9470 | Gauntlet | Found a transporter.
  9474 | Gauntlet | Found a transporter.
  9487 | Gauntlet | Found a runed translucent door.
  9630 | Gauntlet | Killed a death scarab
  9632 | Gauntlet | Killed a death scarab
  9743 | Gauntlet | Noticed a minotaur
  9753 | Gauntlet | Killed a minotaur
  9903 | Lair:1   | Reached skill level 15 in Axes
 10119 | Lair:1   | Reached XP level 12. HP: 101/112 MP: 11/11
 11686 | Lair:2   | Found a runed translucent door.
 11698 | Lair:2   | Noticed coffeespoons's ghost (journeyman MiBe)
 11714 | Lair:2   | Noticed a death yak
 11715 | Lair:2   | Noticed a death yak
 11715 | Lair:2   | Noticed a death yak
 11726 | Lair:2   | Noticed a death yak
 11731 | Lair:2   | Killed a death yak
 11733 | Lair:2   | Noticed a death yak
 11736 | Lair:2   | Killed a death yak
 11739 | Lair:2   | Noticed a death yak
 11748 | Lair:2   | Killed a death yak
 11749 | Lair:2   | Noticed a seven-headed hydra
 11751 | Lair:2   | Killed a death yak
 11758 | Lair:2   | Killed a death yak
 11827 | Lair:2   | Killed a four-headed hydra
 11900 | Lair:2   | Noticed a catoblepas
 11943 | Lair:2   | Killed a catoblepas
 11954 | Lair:2   | Killed a death yak
 12343 | Lair:2   | Found a hole to the Spider Nest.
 12351 | Lair:2   | Reached XP level 13. HP: 115/119 MP: 12/12
 12737 | Lair:3   | Received a gift from Trog
 12909 | Lair:3   | Found a runed translucent gate.
 12909 | Lair:3   | Found a runed translucent gate.
 12911 | Lair:3   | Noticed Nefuv's ghost (journeyman MiBe)
 12914 | Lair:3   | Found a runed translucent gate.
 13491 | Lair:4   | Noticed Nessos
 14781 | Lair:4   | Killed Nessos
 15004 | Lair:4   | Found a staircase to the Swamp.
 15980 | Lair:5   | Found a staircase to the Slime Pits.
 16385 | Lair:5   | Reached skill level 1 in Evocations
 16853 | Lair:6   | Entered Level 6 of the Lair of Beasts
 16895 | Lair:6   | Reached XP level 14. HP: 125/132 MP: 12/14
 17953 | Lair:6   | Got an ichor-stained ring mail
 17964 | Lair:6   | Identified the +6 ring mail of the Sun {+Inv rN+} (You
                  | found it on level 6 of the Lair of Beasts)
 18070 | Lair:5   | Reached skill level 5 in Dodging
 18362 | D:11     | Noticed Maurice
 18368 | D:11     | Received a gift from Trog
 18377 | D:11     | Killed Maurice
 19212 | D:12     | Got a shimmering battleaxe
 19213 | D:12     | Identified the +4 battleaxe of Death's Door {chop, *Rage
                  | MR+++ Str-4 Dex+9} (You found it on level 12 of the
                  | Dungeon)
 19308 | D:12     | Got a coiled copper amulet
 19419 | D:12     | Found a staircase to the Orcish Mines.
 19432 | D:12     | Received a gift from Trog
 19993 | D:13     | Reached skill level 15 in Armour
 20503 | D:13     | Reached ****** piety under Trog
 21088 | D:14     | Received a gift from Trog
 21116 | D:14     | Identified the amulet of Fur Soss {RegenMP Int+3} (You
                  | found it on level 12 of the Dungeon)
 21230 | D:14     | Reached XP level 15. HP: 120/138 MP: 17/17
 21231 | D:14     | Found a gate to the Vaults.
 21658 | D:14     | Received a gift from Trog
 22304 | D:14     | Found a basalt altar of Yredelemnul.
 22582 | Orc:1    | Entered Level 1 of the Orcish Mines
 22605 | Orc:1    | Found Jeuh's Assorted Antiques.
 22631 | Orc:1    | Noticed an orc warlord
 22822 | Orc:1    | Killed an orc warlord
 22969 | Orc:1    | Bought a lumpy orange potion for 28 gold pieces
 22969 | Orc:1    | Bought a fuming inky potion for 28 gold pieces
 23067 | Orc:1    | Identified the +6 giant club "Wiqufo Tih" {distort, Str+3}
 23067 | Orc:1    | Identified the +4 great mace of Duty {antimagic, *Noise
                  | +Fly Int+4}
 23069 | Orc:1    | Noticed Setanta's ghost (journeyman GnFi)
 23070 | Orc:1    | Identified the +7 glaive of the People {chop, rPois Int+9
                  | Stlth-}
 23071 | Orc:1    | Found a bloodstained altar of Trog.
 23140 | Orc:1    | Found a transporter.
 23150 | Orc:1    | Found a transporter.
 23325 | Orc:2    | Entered Level 2 of the Orcish Mines
 23560 | Orc:2    | Reached skill level 15 in Fighting
 23781 | Orc:2    | Received a gift from Trog
 24530 | Orc:2    | Found a staircase to the Elven Halls.
 25075 | Orc:2    | Found Kieromud's Weapon Shop.
 25078 | Orc:2    | Found Huponecko's General Store.
 25079 | Orc:2    | Found Cial's Gadget Shop.
 25080 | Orc:2    | Found Dokuw's Armour Shop.
 25208 | D:15     | Entered Level 15 of the Dungeon
 25208 | D:15     | Noticed Jorgrun
 25255 | D:14     | Killed Jorgrun
 25323 | D:15     | Noticed Josephine
 25882 | D:14     | Killed Josephine
 26509 | D:15     | Noticed Agnes
 26520 | D:15     | Killed Agnes
 26774 | D:15     | Found a staircase to the Depths.
 26780 | D:15     | Reached XP level 16. HP: 152/157 MP: 18/18
 26808 | D:15     | Found a transporter.
 26843 | D:15     | Found a glowing golden altar of the Shining One.
 26929 | D:15     | Found a transporter.
 26964 | D:15     | Noticed Fum Arax's ghost (journeyman OpWz)
 26964 | D:15     | Gained mutation: You are frail. (-10% HP) [a neqoxec]
 26985 | D:15     | Gained mutation: You are agile. (Dex +2) [a neqoxec]
 26987 | D:15     | Killed Fum Arax's ghost
 26998 | D:15     | Got a pair of pitted boots
 27009 | D:15     | Identified the +1 pair of boots of the Lonely Planets {+Fly
                  | Int+3} (You found it on level 15 of the Dungeon)
 27334 | Orc:2    | Bought a +1 shield of protection for 165 gold pieces
 27549 | Spider:1 | Entered Level 1 of the Spider Nest
 27576 | Spider:1 | Received a gift from Trog
 27582 | Spider:1 | Reached skill level 1 in Shields
 28235 | Spider:1 | Received a gift from Trog
 28248 | Spider:1 | Reached skill level 5 in Shields
 28503 | Spider:1 | Noticed Kirke
 28506 | Spider:1 | Noticed Asterion
 28522 | Spider:1 | Killed Kirke
 28526 | Spider:1 | Killed Asterion
 28736 | Spider:1 | Received a gift from Trog
 28820 | Spider:1 | Noticed Roxanne
 28980 | Spider:2 | Noticed Arachne
 28999 | Spider:1 | Killed Arachne
 29284 | Spider:2 | Reached skill level 10 in Shields
 30321 | Spider:3 | Received a gift from Trog
 30433 | Spider:3 | Noticed Mara
 30449 | Spider:3 | Killed Mara
 30879 | Spider:4 | Entered Level 4 of the Spider Nest
 30883 | Spider:4 | Reached XP level 17. HP: 146/146 MP: 19/19
 31384 | Spider:4 | Received a gift from Trog
 31690 | Spider:4 | Reached skill level 15 in Shields
 32880 | Spider:4 | Got a gossamer rune of Zot
 33197 | Vaults:1 | Entered Level 1 of the Vaults
 34312 | Vaults:1 | Noticed Donald
 34320 | Vaults:1 | Killed Donald
 34320 | Vaults:1 | Received a gift from Trog
 35556 | Vaults:2 | Reached XP level 18. HP: 158/158 MP: 20/20
 36097 | Vaults:2 | Received a gift from Trog
 36186 | Vaults:2 | Noticed Jory
 36211 | Vaults:2 | Killed Jory
 36899 | Vaults:2 | Received a gift from Trog
 36972 | Vaults:2 | Found a staircase to the Crypt.
 37742 | Vaults:3 | Identified the +1 rapier of Dithmenos's Outrage {pierce,
                  | Int+4}
 38005 | Vaults:3 | Received a gift from Trog
 38233 | Vaults:3 | Reached skill level 5 in Evocations
 38924 | Swamp:1  | Entered Level 1 of the Swamp
 39154 | Swamp:1  | Reached XP level 19. HP: 128/168 MP: 22/22
 39255 | Swamp:1  | Found a frozen archway.
 39274 | IceCv    | Entered an ice cave
 39490 | IceCv    | Got a pair of spiked gloves
 39501 | IceCv    | Identified the +0 pair of gloves "Vivinaic" {rF+ rN+
                  | Regen+} (You found it in an ice cave)
 40278 | Swamp:1  | Received a gift from Trog
 40889 | Swamp:2  | Reached skill level 10 in Dodging
 41795 | Swamp:4  | Entered Level 4 of the Swamp
 41834 | Swamp:4  | Received a gift from Trog
 42098 | Swamp:4  | Got a decaying rune of Zot
 43273 | Vaults:3 | Received a gift from Trog
 43565 | Vaults:3 | Reached XP level 20. HP: 180/180 MP: 25/25
 43810 | Vaults:3 | Received a gift from Trog
 43994 | Vaults:3 | Found Tim Fiziany's Weapon Emporium.
 44570 | Vaults:4 | Received a gift from Trog
 44605 | Vaults:4 | Got a jewelled hand axe {god gift}
 44606 | Vaults:4 | Identified the +2 hand axe of Contention {god gift,
                  | protect, +Fly Str+4} (Trog gifted it to you on level 4 of
                  | the Vaults)
 45905 | Vaults:4 | Received a gift from Trog
 45908 | Vaults:4 | Noticed Boris
 45926 | Vaults:4 | Killed Boris
 46040 | Vaults:4 | Identified a scroll of acquirement
 46388 | Elf:1    | Entered Level 1 of the Elven Halls
 46737 | Elf:1    | Found Bogeobb's Antique Weapon Boutique.
 47152 | Elf:1    | Found a shimmering altar of Xom.
 47547 | Elf:1    | Received a gift from Trog
 47560 | Elf:1    | Reached XP level 21. HP: 194/194 MP: 8/26
 47783 | Elf:2    | Found a runed translucent gate.
 47783 | Elf:2    | Found a runed translucent gate.
 47784 | Elf:2    | Found a runed translucent gate.
 47834 | Elf:2    | Received a gift from Trog
 48666 | Elf:2    | Noticed Aizul
 48686 | Elf:2    | Killed Aizul
 48808 | Elf:3    | Entered Level 3 of the Elven Halls
 49489 | Elf:3    | Received a gift from Trog
 49678 | Elf:3    | Reached skill level 27 in Fighting
 49862 | Elf:3    | Identified the +7 morningstar of Qolot {speed, rElec rC+
                  | rN+ Int-5}
 50109 | Elf:3    | Identified the +4 hand axe of Honesty {protect, rPois} (You
                  | found it on level 3 of the Elven Halls)
 50437 | Depths:1 | Entered Level 1 of the Depths
 50471 | Depths:1 | Found a gateway to Hell.
 50505 | Depths:1 | Noticed Boris
 50517 | Depths:1 | Killed Boris
 50542 | Depths:1 | Reached XP level 22. HP: 179/209 MP: 12/27
 50586 | Depths:1 | Found a flickering gateway to a bazaar.
 50590 | Depths:1 | Received a gift from Trog
 50599 | Bazaar   | Entered a bazaar
 50599 | Bazaar   | Found Juawiok's Jewellery Shoppe.
 50599 | Bazaar   | Found Warorr's Distillery.
 50619 | Bazaar   | Bought a potion of agility for 60 gold pieces
 50619 | Bazaar   | Bought 2 potions of might for 120 gold pieces
 50619 | Bazaar   | Bought 2 potions of agility for 120 gold pieces
 50619 | Bazaar   | Bought a potion of mutation for 120 gold pieces
 50619 | Bazaar   | Bought 2 potions of haste for 300 gold pieces
 50625 | Bazaar   | Bought a cursed -2 ring of strength for 18 gold pieces
 50625 | Bazaar   | Bought an uncursed amulet of regeneration for 270 gold
                  | pieces
 50625 | Bazaar   | Bought the ring of Shadows {Umbra +Inv Stlth+} for 360 gold
                  | pieces
 50625 | Bazaar   | Bought an uncursed amulet of the gourmand for 270 gold
                  | pieces
 50625 | Bazaar   | Found the ring of Shadows {Umbra +Inv Stlth+}
 50883 | Depths:1 | Identified the +3 scale mail of Cyups {rC+ MR+ rCorr} (You
                  | found it on level 1 of the Depths)
 51655 | Depths:2 | Received a gift from Trog
 51844 | Depths:2 | Found a gateway to a ziggurat.
 52005 | Depths:2 | Found a one-way gate to the infinite horrors of the Abyss.
 52136 | Depths:2 | Reached skill level 10 in Evocations
 52238 | Depths:2 | Paralysed by a floating eye for 2 turns
 52256 | Depths:2 | Noticed a golden dragon
 52261 | Depths:2 | Killed a golden dragon
 52261 | Depths:2 | Received a gift from Trog
 52430 | Depths:2 | Noticed a golden dragon
 52441 | Depths:2 | Identified the ring "Cukaf" {MR+ Str+4 Stlth+}
 52451 | Depths:2 | Killed a golden dragon
 53173 | Depths:3 | Reached XP level 23. HP: 216/216 MP: 30/30
 53183 | Depths:3 | Received a gift from Trog
 53290 | Depths:3 | Reached skill level 5 in Throwing
 53434 | Depths:3 | Found a one-way gate leading to the halls of Pandemonium.
 53540 | Depths:3 | Noticed a caustic shrike
 53541 | Depths:3 | Noticed a caustic shrike
 53542 | Depths:3 | Noticed a caustic shrike
 53561 | Depths:3 | Noticed Boris
 53572 | Depths:3 | Killed Boris
 53572 | Depths:3 | Received a gift from Trog
 53666 | Depths:3 | Received a gift from Trog
 53787 | Depths:3 | Received a gift from Trog
 53842 | Depths:3 | Killed a caustic shrike
 53848 | Depths:3 | Killed a caustic shrike
 53853 | Depths:3 | Killed a caustic shrike
 54172 | Depths:3 | Received a gift from Trog
 54254 | Depths:3 | Identified the cursed +1 robe of the Wilderness {+Fly
                  | Dex+2}
 54420 | Depths:3 | Reached skill level 10 in Throwing
 55015 | Depths:4 | Got a vibrating platinum ring
 55016 | Depths:4 | Identified the ring "Seronguo" {+Blink EV+3 SInv} (You
                  | found it on level 4 of the Depths)
 55083 | Depths:4 | Reached XP level 24. HP: 224/224 MP: 32/32
 55243 | Depths:4 | Found Bepol's Jewellery Emporium.
 55244 | Depths:4 | Found Colig's Gadget Boutique.
 55245 | Depths:4 | Found Liurayre's Jewellery Emporium.
 55251 | Depths:4 | Bought the ring "Uthrus" {+Inv rElec AC+4} for 1254 gold
                  | pieces
 55343 | Depths:4 | Received a gift from Trog
 55805 | Depths:4 | Received a gift from Trog
 56089 | Depths:5 | Entered Level 5 of the Depths
 56382 | Depths:5 | Found a gate to the Realm of Zot.
 56455 | Depths:5 | Noticed Margery
 56466 | Depths:5 | Killed Margery
 56466 | Depths:5 | Noticed Sojobo
 56492 | Depths:5 | Killed Sojobo
 56492 | Depths:5 | Received a gift from Trog
 56620 | Depths:5 | Found a transporter.
 56621 | Depths:5 | Found a transporter.
 56630 | Depths:5 | Identified the +10 quick blade of Gloom {pierce, -Tele
                  | Str+4 SInv Stlth+}
 56633 | Depths:5 | Noticed a juggernaut
 56636 | Depths:5 | Found a bloodstained altar of Trog.
 56641 | Depths:5 | Noticed Niyzxuen's ghost (adept MiBe)
 56642 | Depths:5 | Identified the +8 rapier of Uloclov {flame, *Contam +Blink
                  | rPois}
 56642 | Depths:5 | Noticed a juggernaut
 56656 | Depths:5 | Reached skill level 15 in Evocations
 57475 | Slime:1  | Entered Level 1 of the Pits of Slime
 57501 | Slime:1  | Received a gift from Trog
 57685 | Slime:4  | Received a gift from Trog
 57688 | Slime:4  | Got a steaming broad axe {god gift}
 57689 | Slime:4  | Identified the +8 broad axe "Peteh" {god gift, flame, *Rage
                  | Int+3 Stlth+} (Trog gifted it to you on level 4 of the Pits
                  | of Slime)
 57765 | Slime:5  | Entered Level 5 of the Pits of Slime
 57875 | Slime:5  | Found a viscous altar of Jiyva.
 57883 | Slime:5  | Noticed the Royal Jelly
 57905 | Slime:5  | Killed the Royal Jelly
 57953 | Slime:5  | Reached XP level 25. HP: 120/231 MP: 33/33
 58087 | Slime:5  | Found the -2 hat of the Alchemist {rElec rPois rF+ rC+ rN+
                  | MR+ rMut rCorr}
 58090 | Slime:5  | Identified the cursed +0 cloak "Wefautt" {rElec rPois rC+}
                  | (You found it on level 5 of the Pits of Slime)
 58094 | Slime:5  | Got a slimy rune of Zot
 58182 | Slime:5  | Identified the cursed +0 pair of gloves of Set Juca {Str+2}
                  | (You found it on level 5 of the Pits of Slime)
 58186 | Slime:5  | Got a bound granite ring
 58187 | Slime:5  | Identified the ring of Panayho {EV+6 Str+4} (You found it
                  | on level 5 of the Pits of Slime)
 58682 | Vaults:5 | Entered Level 5 of the Vaults
 58703 | Vaults:5 | Noticed Mennas
 58709 | Vaults:5 | Received a gift from Trog
 58742 | Vaults:5 | Killed Mennas
 59143 | Vaults:5 | Identified the +8 spear "Omaso" {pain, rElec Int+5 Stlth+}
 59255 | Vaults:5 | Received a gift from Trog
 59722 | Vaults:5 | Received a gift from Trog
 59867 | Vaults:5 | Found Atavinout's Armour Shop.
 59887 | Vaults:5 | Got a sparkling brass ring
 59898 | Vaults:5 | Identified the ring "Bypanel" {rF+ Str+4 Dex-2 Slay+5} (You
                  | found it on level 5 of the Vaults)
 59900 | Vaults:5 | Got a vibrating amber ring
 59902 | Vaults:5 | Identified the ring of the Morning {-Tele rC+ rN+ Int+3}
                  | (You found it on level 5 of the Vaults)
 60019 | Vaults:5 | Got a silver rune of Zot
 60884 | Zot:1    | Entered Level 1 of the Realm of Zot
 61016 | Zot:1    | You fall into a shaft and drop 1 floor!
 61124 | Zot:2    | Noticed Beclu's ghost (legendary GnSk)
 61124 | Zot:2    | Found a transporter.
 61280 | Zot:2    | Reached XP level 26. HP: 229/239 MP: 33/33
 61374 | Zot:2    | Found a transporter.
 61859 | Zot:1    | Found a runed translucent gate.
 61859 | Zot:1    | Found a runed translucent gate.
 61859 | Zot:1    | Found a runed translucent gate.
 61860 | Zot:1    | Noticed Bodigarde's ghost (veteran GrFi)
 61861 | Zot:1    | Noticed Nattefrost's ghost (master VSBe)
 61861 | Zot:1    | Noticed Toelubet's ghost (veteran CeHu)
 61861 | Zot:1    | Noticed Heoriaro's ghost (legendary GnFi)
 62118 | Zot:1    | Received a gift from Trog
 62513 | Zot:1    | Killed Heoriaro's ghost
 62571 | Zot:1    | Killed Nattefrost's ghost
 62594 | Zot:1    | Killed Bodigarde's ghost
 62601 | Zot:1    | Killed Toelubet's ghost
 62733 | Zot:1    | Identified the +0 pair of gloves "Tywaasch" {MR+ Str+3
                  | Int+4} (You found it on level 1 of the Realm of Zot)
 63024 | Zot:3    | Identified the +6 battleaxe "Femyclux" {chop, +Blink +Fly
                  | rPois Dex+6} (You found it on level 3 of the Realm of Zot)
 63306 | Zot:3    | Identified the ring "Jegok" {+Fly MP+9 Dex+2 Stlth+} (You
                  | acquired it on level 3 of the Realm of Zot)
 63532 | Zot:4    | Received a gift from Trog
 63713 | Zot:4    | Reached skill level 15 in Dodging
 63817 | Zot:4    | Received a gift from Trog
 64125 | Zot:4    | Reached XP level 27. HP: 245/245 MP: 33/33
 64225 | Zot:5    | Entered Level 5 of the Realm of Zot
 64573 | Zot:5    | Received a gift from Trog
 64682 | Zot:5    | Noticed an ancient lich
 64698 | Zot:5    | Killed an ancient lich
 64703 | Zot:5    | Noticed an orb of fire
 64733 | Zot:5    | Killed an orb of fire
 64741 | Zot:5    | Received a gift from Trog
 64809 | Zot:5    | Noticed an ancient lich
 64829 | Zot:5    | Killed an ancient lich
 64872 | Zot:5    | Reached skill level 27 in Armour
 64873 | Zot:5    | Noticed an ancient lich
 64877 | Zot:5    | Noticed an ancient lich
 64881 | Zot:5    | Noticed an ancient lich
 64887 | Zot:5    | Killed an ancient lich
 64890 | Zot:5    | Killed an ancient lich
 64903 | Zot:5    | Killed an ancient lich
 65084 | Zot:5    | Noticed an orb of fire
 65094 | Zot:5    | Noticed an orb of fire
 65094 | Zot:5    | Noticed an ancient lich
 65112 | Zot:5    | Killed an ancient lich
 65124 | Zot:5    | Noticed an ancient lich
 65131 | Zot:5    | Killed an orb of fire
 65132 | Zot:5    | Killed an orb of fire
 65133 | Zot:5    | Noticed an ancient lich
 65148 | Zot:5    | Killed an ancient lich
 65155 | Zot:5    | Noticed an ancient lich
 65162 | Zot:5    | Killed an ancient lich
 65162 | Zot:5    | Noticed an ancient lich
 65163 | Zot:5    | Killed an ancient lich
 65172 | Zot:5    | Killed an ancient lich
 65491 | Zot:5    | Got the Orb of Zot
 65586 | Zot:3    | Noticed Quwonymourch the pandemonium lord
 65605 | Zot:3    | Killed Quwonymourch the pandemonium lord
 66103 | D:6      | Noticed Hudoskufa the pandemonium lord
 66132 | D:6      | Killed Hudoskufa the pandemonium lord
 66274 | D:$      | Escaped with the Orb!

Levels and vault maps discovered:
D:1:      elethiomel_arrival_maze, layout_basic
D:2:      layout_basic, kennysheep_generic_room_8
D:3:      layout_basic, cheibrodos_sewer_entry_bend, first_ration,
          cheibrodos_ashenzari_chains
D:4:      layout_basic, serial_shops, nicolae_shop_behind_doors
D:5:      layout_basic, tso_oasis_becter, serial_shops, nicolae_shop_trees
D:6:      layout_basic, nicolae_ru_sacrificial_ziggurat,
          overflow_temple_1_default, minmay_temple_entry_offerings
D:7:      layout_rooms, serial_shops, kennysheep_little_box
D:8:      minmay_cut_squares, layout_basic, elyvilon_altar_5, hangedman_ranch
          [blue_anna_fruit_fields], corexii_leaking_fountain, uniq_harold,
          uniq_erica
D:9:      layout_basic, david_lair_shrubbed
D:10:     layout_roguey, uniq_urug, uniq_psyche
D:11:     layout_cave_pools, minivault_1, chequers_serial_rivers_micro_e,
          kennysheep_generic_room_14, uniq_maurice
D:12:     layout_rooms, zombieorc2_lemuel, minmay_radiant
D:13:     layout_big_octagon
D:14:     layout_stronghold, david_vaults_1, nrook_mini_backslash,
          lemuel_centaur_altar
D:15:     grunt_enter_depths_snipers, layout_cave_pools, minmay_misc_feat_tower,
          gammafunk_ghost_stat_death, minivault_11,
          nicolae_tso_swordbearing_angel, uniq_jorgrun, uniq_josephine,
          uniq_agnes
Lair:1:   layout_chaotic_city, gauntlet_entry_generic, grunt_megastairs_5
Lair:2:   layout_hall_layers, spider_nest_entry_funnel_web,
          hellmonk_ghost_happy_afterlife, minmay_hedge_maze,
          grunt_forest_large_clearings
Lair:3:   layout_roguey, ebering_ghost_rock_garden
Lair:4:   layout_cave_shapes, swamp_mist, eino_house_with_fridge, uniq_nessos
Lair:5:   layout_gridlike, slime_dummy, serial_bayou_shore_a,
          infiniplex_staircase_pool
Lair:6:   grunt_lair_end_beastmaster, layout_regular_city,
          chequers_serial_rivers_small_a, grunt_megastairs_3,
          infiniplex_staircase_pool_2
Swamp:1:  layout_falls_marsh, portal_ice_cave_entry_pillars_2,
          nicolae_swamp_dense_foliage
Swamp:2:  layout_falls_marsh, nicolae_swamp_trees_clearing
Swamp:3:  layout_basic_swamp, evilmike_swamp_ruin_house_5
Swamp:4:  grunt_swamp_rune_castle, layout_basic_swamp, swamp_pool1
Spider:1: layout_spider_delve, zaba_anthell, uniq_roxanne, uniq_asterion,
          uniq_kirke
Spider:2: layout_spider_delve, uniq_arachne
Spider:3: layout_spider_delve, uniq_mara
Spider:4: guppyfry_spider_rune, nicolae_spider_cling_ruins
Slime:1:  layout_caves
Slime:2:  cheibrodos_slime_lost_civilization_2, layout_caves
Slime:3:  layout_caves
Slime:4:  layout_caves
Slime:5
Orc:1:    layout_caves, gammafunk_ghost_wrathful_warriors, serial_shops, shop
Orc:2:    st_orc_pillars, layout_caves
Elf:1:    eino_elf_arrival_sip, layout_geoelf_octagon, basic_altar,
          serial_shops, shop, evilmike_minifort, grunt_ministairs_7
Elf:2:    layout_rooms, uniq_aizul
Elf:3:    minmay_elf_hall_circle, layout_geoelf_grid
Vaults:1: ontoclasm_vaults_ligature, nicolae_vaults_angled_halls,
          grunt_vaults_swirl, nicolae_vaults_what_the_h, ontoclasm_vaults_eye,
          vaults_dpeg_ring, v_alt_pattern_2, layout_vaults_omnigrid, uniq_donald
Vaults:2: nicolae_vaults_border_crossing, minmay_crypt_entry_simple_round,
          nicolae_vaults_gold_heap, hangedman_vaults_slice,
          hangedman_vaults_stagger, grunt_vaults_twisty,
          nicolae_vaults_mini_display_case, dpeg_vaults_monster_row,
          ontoclasm_vaults_pinch, layout_vaults_ring, uniq_jory
Vaults:3: nicolae_vaults_network_s, v_misc_13, nicolae_vaults_network_quincunx
          [nicolae_vaults_network_quincunx_subvault,
          nicolae_vaults_network_quincunx_subvault,
          nicolae_vaults_network_quincunx_subvault,
          nicolae_vaults_network_quincunx_subvault,
          nicolae_vaults_network_quincunx_subvault], v_rooms_6,
          dpeg_vaults_pockets_of_resistance, v_misc_14, v_rooms_2,
          nicolae_vaults_little_squares_1, nicolae_vaults_little_squares_6,
          layout_vaults_big_cross, serial_shops, nicolae_shop_behind_doors
Vaults:4: hangedman_vaults_cutoff, st_greater_box_1, v_pattern_3, v_misc_9,
          vaults_room_pools, vaults_room_door_hall, serial_ice_g,
          hangedman_vaults_slice, nicolae_vaults_theta, vaults_room_fancy_cross,
          vaults_standard_mumra_lines, v_alt_pattern_1,
          layout_vaults_maze_bifur, uniq_boris
Vaults:5: uniq_mennas
Depths:1: layout_honeycomb, serial_shops, bzr_in_the_mist,
          pf_hell_entry_tar_river, hangedman_abyss_or_decor_lesser_grid,
          hangedman_eye_storm
Depths:2: grunt_bent_corner, layout_cave_pools, enter_ziggurat_e,
          marbit_kobold_abyss_entry, kennysheep_small_spiral,
          grunt_mini_vestibule, evilmike_butchery
Depths:3: grunt_crosshair, layout_gridlike, pan_entry, kennysheep_pointless_box,
          hellmouth_1, kennysheep_random_hallway, infiniplex_staircase_zigzag_4
Depths:4: hangedman_arrow_trap, layout_gridlike, abyss_entry, hell_entry,
          serial_rivers, chequers_serial_rivers_micro_a,
          chequers_serial_rivers_marsh, chequers_serial_rivers_micro_b,
          chequers_serial_rivers_small_b, chequers_serial_rivers_micro_a,
          wad_floor_pattern_2, minmay_crystal_water, minmay_misc_feat_encased,
          minmay_shop_grove
Depths:5: grunt_zot_entry_hairpin, layout_small_grid,
          gammafunk_ghost_wrathful_warriors, abyss_entry_crystal,
          pf_vacation_house_of_asmodeus, dk_noncrumbling_3, uniq_sojobo,
          uniq_margery
Zot:1:    layout_twisted_circle, gammafunk_ghost_cemetery, skrybe_zot_glass_1
Zot:2:    layout_gridlike, gammafunk_ghost_arena, st_stairs_6
Zot:3:    layout_onion, st_small_dragon_hoard_3, st_stairs_8
Zot:4:    grunt_zot_stairs_overgrown, layout_twisted_circle
Zot:5:    layout_basic

Skill      XL: |  1  2  3  4  5  6  7  8  9 10 11 12 13 14 15 16 17 18 19 20 21 22 23 24 25 26 27 |
---------------+----------------------------------------------------------------------------------+-----
Fighting       | 4 5 8 12 14 18 19 20 21 24 27 | 27.0
Axes           | 4 5 6 7 9 10 12 15 18 19 20 22 23 | 23.0
Armour         | 3 9 10 12 14 15 16 18 20 21 22 24 25 27 | 27.0
Throwing       | 3 4 10 12 | 12.7
Dodging        | 3 7 8 9 12 14 15 16 | 16.0
Evocations     | 1 4 5 8 11 14 15 | 15.0
Shields        | 13 15 17 22 25 | 25.1

Action                   |  1- 3 |  4- 6 |  7- 9 | 10-12 | 13-15 | 16-18 | 19-21 | 22-24 | 25-27 || total
-------------------------+-------+-------+-------+-------+-------+-------+-------+-------+-------++-------
Melee: Hand axe          |    90 |   221 |   265 |   256 |    63 |     6 |       |       |       ||   901
       Headbutt          |    17 |    33 |    66 |   143 |   282 |   349 |   444 |   457 |   439 ||  2230
       Battleaxe         |       |       |       |   339 |  1151 |    27 |       |       |       ||  1517
       Executioner's axe |       |       |       |       |     2 |       |       |       |       ||     2
       Broad axe         |       |       |       |       |       |  1311 |  1574 |  1314 |  1232 ||  5431
Throw: Boomerang         |       |     6 |     1 |    12 |    26 |     7 |    10 |       |       ||    62
       Throwing net      |       |       |       |       |       |     1 |       |     2 |     1 ||     4
       Javelin           |       |       |       |       |       |       |       |    16 |     7 ||    23
Invok: Berserk           |       |       |     5 |    11 |    11 |     4 |       |     2 |       ||    33
       Trog's Hand       |       |       |       |     5 |     4 |     4 |     3 |     3 |     5 ||    24
       Brothers in Arms  |       |       |       |     4 |     1 |     7 |     4 |     4 |     2 ||    22
 Abil: Evoke Invisibilit |       |       |       |       |       |       |       |       |     5 ||     5
Evoke: Wand              |       |       |       |     4 |    21 |    25 |     9 |     7 |     8 ||    74
       Lamp of fire      |       |       |       |       |     2 |     4 |     2 |     3 |     4 ||    15
  Use: Scroll            |       |     6 |     6 |    10 |     8 |    21 |    12 |    19 |    22 ||   104
       Potion            |       |       |       |     1 |     2 |     3 |     2 |     6 |    14 ||    28
 Stab: Petrified         |       |       |       |     6 |     8 |       |       |       |       ||    14
       Petrifying        |       |       |       |       |     1 |       |       |       |       ||     1
       Distracted        |       |       |       |       |     1 |       |     2 |     1 |     2 ||     6
       Paralysed         |       |       |       |       |       |     3 |       |       |     2 ||     5
       Confused          |       |       |       |       |       |       |     1 |       |       ||     1
       Held in net/web   |       |       |       |       |       |       |       |     3 |       ||     3
       Invisible         |       |       |       |       |       |       |       |       |    21 ||    21
  Eat: Chunk             |     1 |     8 |    12 |    32 |    59 |    28 |    31 |    25 |    15 ||   211
       Ration            |       |       |       |     1 |     1 |     6 |     4 |     1 |     5 ||    18
Armor: Animal skin       |    15 |       |       |       |       |       |       |       |       ||    15
       Plate armour      |    42 |   109 |   117 |   360 |   612 |   210 |   485 |   142 |       ||  2077
       Scale mail        |       |       |       |       |       |   288 |       |       |       ||   288
       Gold dragon scale |       |       |       |       |       |       |       |   423 |   345 ||   768
Dodge: Dodged            |    46 |    59 |    65 |   194 |   468 |   535 |   527 |   585 |   544 ||  3023
Block: Shield            |       |       |       |       |       |   787 |   856 |   874 |   164 ||  2681
       Large shield      |       |       |       |       |       |       |       |       |  1000 ||  1000
       Reflection        |       |       |       |       |       |       |       |       |    12 ||    12

Table legend:
 A = Turns spent in this place as a percentage of turns spent in the entire game.
 B = Non-inter-level travel turns spent in this place as a percentage of non-inter-level travel turns spent in the entire game.
 C = Inter-level travel turns spent in this place as a percentage of turns spent in this place.
 D = Turns resting spent in this place as a percentage of non-inter-level travel turns spent in this place.
 E = Turns spent auto-exploring this place as a percentage of non-inter-level travel turns spent in this place.
 F = Non-inter-level travel turns spent in this place divided by the number of levels of this place that you've seen.
                   A       B       C       D       E      F
               +-------+-------+-------+-------+-------+----------------------
         Total | 100.0 | 100.0 |   8.8 |  29.3 |  42.6 | 1042.6
       Dungeon |  25.8 |  24.6 |  12.8 |  25.5 |  51.0 | 992.7
          Lair |  14.5 |  14.6 |   7.9 |  48.0 |  34.0 | 1471.2
         Swamp |   4.6 |   4.8 |   4.7 |   6.1 |  58.3 | 719.2
   Spider Nest |   7.4 |   7.8 |   3.5 |  46.7 |  29.4 | 1181.0
    Slime Pits |   1.3 |   1.4 |   4.3 |  38.0 |   3.3 | 165.6
  Orcish Mines |   4.1 |   4.0 |  11.9 |  30.0 |  30.6 | 1200.5
   Elven Halls |   5.8 |   6.0 |   5.5 |  23.5 |  45.0 | 1219.0
        Vaults |  16.3 |  16.3 |   8.8 |  33.4 |  39.9 | 1969.4
        Depths |  10.7 |  10.5 |  10.3 |  15.1 |  49.8 | 1275.0
           Zot |   7.3 |   7.5 |   6.0 |  14.4 |  52.1 | 907.6
        Bazaar |   0.1 |   0.2 |   0.0 |  44.7 |  18.1 |  94.0
         Sewer |   0.2 |   0.3 |   0.0 |   0.0 |  66.7 | 159.0
      Ice Cave |   1.2 |   1.3 |   0.0 |  33.7 |   9.8 | 786.0
      Gauntlet |   0.7 |   0.8 |   0.0 |  40.1 |   7.7 | 466.0
               +-------+-------+-------+-------+-------+----------------------

Table legend:
 A = Kills in this place as a percentage of kills in entire the game.
 B = Kills by you in this place as a percentage of kills by you in the entire game.
 C = Kills by friends in this place as a percentage of kills by friends in the entire game.
 D = Other kills in this place as a percentage of other kills in the entire game.
 E = Experience gained in this place as a percentage of experience gained in the entire game.
 F = Experience gained in this place divided by the number of levels of this place that you have seen.
                   A       B       C       D       E      F
               +-------+-------+-------+-------+-------+----------------------
         Total | 100.0 | 100.0 | 100.0 | 100.0 | 100.0 | 30767.0
       Dungeon |  18.8 |  19.0 |   5.0 |   0.0 |   4.6 | 5506.4
          Lair |   7.8 |   7.7 |  17.5 |   0.0 |   3.5 | 10352.8
         Swamp |   6.5 |   6.6 |   0.0 |   0.0 |   4.1 | 18159.2
   Spider Nest |   8.6 |   8.6 |  15.0 |   0.0 |   5.1 | 22956.8
    Slime Pits |   2.8 |   2.9 |   0.0 |   0.0 |   3.4 | 12054.2
  Orcish Mines |   5.9 |   6.0 |   0.0 |   0.0 |   1.2 | 10883.0
   Elven Halls |   6.1 |   6.1 |  10.0 |   0.0 |   7.3 | 43219.0
        Vaults |  17.9 |  17.6 |  27.5 |  57.1 |  21.9 | 78072.8
        Depths |  15.0 |  14.9 |  20.0 |  14.3 |  22.1 | 78998.6
           Zot |   7.6 |   7.7 |   2.5 |  28.6 |  26.1 | 93267.0
         Sewer |   0.4 |   0.4 |   0.0 |   0.0 |   0.0 | 120.0
      Ice Cave |   2.1 |   2.1 |   0.0 |   0.0 |   0.5 | 8124.0
      Gauntlet |   0.4 |   0.4 |   2.5 |   0.0 |   0.2 | 3678.0
               +-------+-------+-------+-------+-------+----------------------

Levels and vault maps discovered:
D:1:      elethiomel_arrival_maze, layout_basic
D:2:      layout_basic, kennysheep_generic_room_8
D:3:      layout_basic, cheibrodos_sewer_entry_bend, first_ration,
          cheibrodos_ashenzari_chains
D:4:      layout_basic, serial_shops, nicolae_shop_behind_doors
D:5:      layout_basic, tso_oasis_becter, serial_shops, nicolae_shop_trees
D:6:      layout_basic, nicolae_ru_sacrificial_ziggurat,
          overflow_temple_1_default, minmay_temple_entry_offerings
D:7:      layout_rooms, serial_shops, kennysheep_little_box
D:8:      minmay_cut_squares, layout_basic, elyvilon_altar_5, hangedman_ranch
          [blue_anna_fruit_fields], corexii_leaking_fountain, uniq_harold,
          uniq_erica
D:9:      layout_basic, david_lair_shrubbed
D:10:     layout_roguey, uniq_urug, uniq_psyche
D:11:     layout_cave_pools, minivault_1, chequers_serial_rivers_micro_e,
          kennysheep_generic_room_14, uniq_maurice
D:12:     layout_rooms, zombieorc2_lemuel, minmay_radiant
D:13:     layout_big_octagon
D:14:     layout_stronghold, david_vaults_1, nrook_mini_backslash,
          lemuel_centaur_altar
D:15:     grunt_enter_depths_snipers, layout_cave_pools, minmay_misc_feat_tower,
          gammafunk_ghost_stat_death, minivault_11,
          nicolae_tso_swordbearing_angel, uniq_jorgrun, uniq_josephine,
          uniq_agnes
Lair:1:   layout_chaotic_city, gauntlet_entry_generic, grunt_megastairs_5
Lair:2:   layout_hall_layers, spider_nest_entry_funnel_web,
          hellmonk_ghost_happy_afterlife, minmay_hedge_maze,
          grunt_forest_large_clearings
Lair:3:   layout_roguey, ebering_ghost_rock_garden
Lair:4:   layout_cave_shapes, swamp_mist, eino_house_with_fridge, uniq_nessos
Lair:5:   layout_gridlike, slime_dummy, serial_bayou_shore_a,
          infiniplex_staircase_pool
Lair:6:   grunt_lair_end_beastmaster, layout_regular_city,
          chequers_serial_rivers_small_a, grunt_megastairs_3,
          infiniplex_staircase_pool_2
Swamp:1:  layout_falls_marsh, portal_ice_cave_entry_pillars_2,
          nicolae_swamp_dense_foliage
Swamp:2:  layout_falls_marsh, nicolae_swamp_trees_clearing
Swamp:3:  layout_basic_swamp, evilmike_swamp_ruin_house_5
Swamp:4:  grunt_swamp_rune_castle, layout_basic_swamp, swamp_pool1
Spider:1: layout_spider_delve, zaba_anthell, uniq_roxanne, uniq_asterion,
          uniq_kirke
Spider:2: layout_spider_delve, uniq_arachne
Spider:3: layout_spider_delve, uniq_mara
Spider:4: guppyfry_spider_rune, nicolae_spider_cling_ruins
Slime:1:  layout_caves
Slime:2:  cheibrodos_slime_lost_civilization_2, layout_caves
Slime:3:  layout_caves
Slime:4:  layout_caves
Slime:5
Orc:1:    layout_caves, gammafunk_ghost_wrathful_warriors, serial_shops, shop
Orc:2:    st_orc_pillars, layout_caves
Elf:1:    eino_elf_arrival_sip, layout_geoelf_octagon, basic_altar,
          serial_shops, shop, evilmike_minifort, grunt_ministairs_7
Elf:2:    layout_rooms, uniq_aizul
Elf:3:    minmay_elf_hall_circle, layout_geoelf_grid
Vaults:1: ontoclasm_vaults_ligature, nicolae_vaults_angled_halls,
          grunt_vaults_swirl, nicolae_vaults_what_the_h, ontoclasm_vaults_eye,
          vaults_dpeg_ring, v_alt_pattern_2, layout_vaults_omnigrid, uniq_donald
Vaults:2: nicolae_vaults_border_crossing, minmay_crypt_entry_simple_round,
          nicolae_vaults_gold_heap, hangedman_vaults_slice,
          hangedman_vaults_stagger, grunt_vaults_twisty,
          nicolae_vaults_mini_display_case, dpeg_vaults_monster_row,
          ontoclasm_vaults_pinch, layout_vaults_ring, uniq_jory
Vaults:3: nicolae_vaults_network_s, v_misc_13, nicolae_vaults_network_quincunx
          [nicolae_vaults_network_quincunx_subvault,
          nicolae_vaults_network_quincunx_subvault,
          nicolae_vaults_network_quincunx_subvault,
          nicolae_vaults_network_quincunx_subvault,
          nicolae_vaults_network_quincunx_subvault], v_rooms_6,
          dpeg_vaults_pockets_of_resistance, v_misc_14, v_rooms_2,
          nicolae_vaults_little_squares_1, nicolae_vaults_little_squares_6,
          layout_vaults_big_cross, serial_shops, nicolae_shop_behind_doors
Vaults:4: hangedman_vaults_cutoff, st_greater_box_1, v_pattern_3, v_misc_9,
          vaults_room_pools, vaults_room_door_hall, serial_ice_g,
          hangedman_vaults_slice, nicolae_vaults_theta, vaults_room_fancy_cross,
          vaults_standard_mumra_lines, v_alt_pattern_1,
          layout_vaults_maze_bifur, uniq_boris
Vaults:5: uniq_mennas
Depths:1: layout_honeycomb, serial_shops, bzr_in_the_mist,
          pf_hell_entry_tar_river, hangedman_abyss_or_decor_lesser_grid,
          hangedman_eye_storm
Depths:2: grunt_bent_corner, layout_cave_pools, enter_ziggurat_e,
          marbit_kobold_abyss_entry, kennysheep_small_spiral,
          grunt_mini_vestibule, evilmike_butchery
Depths:3: grunt_crosshair, layout_gridlike, pan_entry, kennysheep_pointless_box,
          hellmouth_1, kennysheep_random_hallway, infiniplex_staircase_zigzag_4
Depths:4: hangedman_arrow_trap, layout_gridlike, abyss_entry, hell_entry,
          serial_rivers, chequers_serial_rivers_micro_a,
          chequers_serial_rivers_marsh, chequers_serial_rivers_micro_b,
          chequers_serial_rivers_small_b, chequers_serial_rivers_micro_a,
          wad_floor_pattern_2, minmay_crystal_water, minmay_misc_feat_encased,
          minmay_shop_grove
Depths:5: grunt_zot_entry_hairpin, layout_small_grid,
          gammafunk_ghost_wrathful_warriors, abyss_entry_crystal,
          pf_vacation_house_of_asmodeus, dk_noncrumbling_3, uniq_sojobo,
          uniq_margery
Zot:1:    layout_twisted_circle, gammafunk_ghost_cemetery, skrybe_zot_glass_1
Zot:2:    layout_gridlike, gammafunk_ghost_arena, st_stairs_6
Zot:3:    layout_onion, st_small_dragon_hoard_3, st_stairs_8
Zot:4:    grunt_zot_stairs_overgrown, layout_twisted_circle
Zot:5:    layout_basic
